 Dungeon Crawl Stone Soup version 0.28-a0-664-gc179e30c89 (webtiles) character file.

Game seed: 7747584830672994630

3472 mordus the Basher (level 10, -2/69 (70) HPs)
             Began as a Formicid Fighter on Oct 15, 2021.
             Was a Believer of the Shining One.
             Slain by a killer bee (6 damage)
             ... on level 7 of the Dungeon.
             The game lasted 00:17:17 (10018 turns).

mordus the Basher (Formicid Fighter)               Turns: 10018, Time: 00:17:18

HP:   -2/69 (70)    AC: 18    Str: 23    XL:     10   Next: 27%
MP:   7/10          EV:  8    Int:  9    God:    the Shining One [**....]
Gold: 247           SH: 12    Dex: 10    Spells: 9/9 levels left

rFire   . . .      SeeInvis +   a - +0 flail
rCold   . . .      Faith    .   c - +0 buckler
rNeg    + . .      Spirit   .   C - +0 shadow dragon scales
rPois   .          Reflect  .   (helmet unavailable)
rElec   .          Harm     .   M - +2 cloak
rCorr   +          Rampage  .   i - +0 pair of gloves
Will    +....                   (no boots)
Stlth   +.........              (no amulet)
HPRegen 0.21/turn               u - ring of resist corrosion
MPRegen 0.12/turn               L - ring of flight

@: lethally poisoned (-2 -> -5), divinely shielded, flying, glowing, studying
Short Blades, lightly drained
A: permanent stasis, dig shafts and tunnels, antennae 3, four strong arms
a: Dig, Shaft Self, Renounce Religion, Divine Shield


You were on level 7 of the Dungeon.
You worshipped the Shining One.
The Shining One was pleased with you.
You visited 2 branches of the dungeon, and saw 9 of its levels.

You collected 247 gold pieces.

Inventory:

Hand Weapons
 a - a +0 flail (weapon)
Armour
 b - a +0 scale mail
 c - a +0 buckler (worn)
 f - a +0 chain mail
 i - a +0 pair of gloves (worn)
 C - +0 shadow dragon scales (worn)
 M - a +2 cloak (worn)
Jewellery
 p - a ring of magical power
 s - a ring of wizardry
 u - a ring of resist corrosion (left hand)
 G - a ring of protection from fire
 H - a ring of protection from fire
 L - a ring of flight (right hand)
Wands
 y - a wand of acid (5)
 A - a wand of paralysis (11)
 I - a wand of iceblast (9)
Scrolls
 o - 2 scrolls of noise
 r - 7 scrolls of identify
 t - 3 scrolls of teleportation
 x - a scroll of brand weapon {unknown}
 D - a scroll of enchant weapon {unknown}
 E - a scroll of summoning {unknown}
 F - a scroll of immolation {unknown}
Potions
 d - 5 potions of might
 e - 3 potions of curing
 g - 3 potions of flight {unknown}
 k - 2 potions of haste {unknown}
 m - 2 potions of resistance {unknown}
 n - 5 potions of degeneration {unknown}
 q - a potion of invisibility {unknown}
 v - 2 potions of heal wounds {unknown}
 z - a potion of attraction {unknown}
 B - 3 potions of berserk rage {unknown}
 J - a potion of lignification {unknown}
Miscellaneous
 K - a phantom mirror


   Skills:
 - Level 3.2 Fighting
 * Level 10.2 Maces & Flails
 + Level 8.3 Armour
 + Level 9.2 Shields


You had 9 spell levels left.
You didn't know any spells.
Your spell library contained the following spells:

 Spells                   Type           Power      Damage    Failure   Level
 Shock                    Conj/Air       0%         1d3       94%         1
 Airstrike                Air            0%         N/A       100%        4
 Swiftness                Air            Unusable   N/A       N/A         3

Dungeon Overview and Level Annotations

Branches:
Dungeon (8/15)             Temple (1/1) D:5
   Lair: D:8-11

Altars:
Cheibriados
Dithmenos
Elyvilon
Gozag
Makhleb
Nemelex Xobeh
Okawaru
Ru
Sif Muna
Uskayaw
Vehumet
Wu Jian
Xom
Yredelemnul
Zin
The Shining One

Annotations:
D:7 4 runed translucent doors


Innate Abilities, Weirdness & Mutations

You cannot be hasted, slowed, berserked, paralysed or teleported.
You can dig through walls and to a lower floor.
You have a pair of large antennae on your head. (SInv)
Your four strong arms can wield two-handed weapons with a shield.


Message History

The killer bee poisons you! You block the killer bee's attack.
The killer bee stings you but does no damage.
You feel better. You block the killer bee's attack. x2
The killer bee stings you but does no damage. x4
You hit the killer bee.
The killer bee is lightly wounded.
The killer bee stings you but does no damage.
The killer bee completely misses you.
The killer bee stings you but does no damage.
The killer bee barely misses you. x2
You closely miss the killer bee.
The killer bee is lightly wounded.
You block the killer bee's attack.
The killer bee stings you but does no damage.
The killer bee closely misses you. You block the killer bee's attack.
The killer bee barely misses you. You block the killer bee's attack.
You barely miss the killer bee.
The killer bee is lightly wounded.
You block the killer bee's attack.
The killer bee stings you but does no damage.
You block the killer bee's attack. x3
You sock the killer bee!
The killer bee is almost dead.
The killer bee stings you but does no damage.
You block the killer bee's attack. The killer bee barely misses you.
You block the killer bee's attack.
The killer bee stings you but does no damage. x2
You closely miss the killer bee.
The killer bee is almost dead.
The killer bee barely misses you. The killer bee stings you.
* * * LOW HITPOINT WARNING * * *
You are poisoned.
The killer bee poisons you!
The killer bee stings you but does no damage.
The killer bee barely misses you. You block the killer bee's attack.
You sock the killer bee!
You kill the killer bee!
* * * LOW HITPOINT WARNING * * *
You feel sick. The killer bee stings you.
You die...

#.#######.#.# #.####
...######.#.#
########....#
....#.....#.#
#.........#.#
......##..#.#
#.####......#
....####..#.# #.#
#.###.## ...## #..#.# #.#
#.# #..# #.######..#.#
#.# #.###..#
#...........#####y#
#......#
########.......†@y#
#####..# ###.########
#..# #.# #..#####
#.###############....(..
#.#...(................#
#.#.#######.###.#..##...
##.#.## #.# #.#..###.#
#.....######.###.#..###..
###
#........................


You could see 2 killer bees.

Vanquished Creatures
  A troll (D:7)
  Prince Ribbit (D:7)
  Sigmund (D:4)
  A yak (D:7)
  A wraith (D:7)
  2 wyverns (D:8)
  An acid dragon (D:7)
  An orc warrior (D:7)
  2 sky beasts
  4 ogres
  2 centaurs
  3 necrophages
  2 bullfrogs
  A wyvern zombie (D:7)
  2 scorpions
  2 water moccasin zombies
  2 killer bees
  2 wights (D:8)
  A bullfrog zombie (D:6)
  A bullfrog skeleton (D:6)
  2 jellies
  A hound (D:6)
  2 gnoll shamans
  A centaur skeleton (D:7)
  Jessica (D:2)
  4 iguanas
  2 killer bee zombies
  A howler monkey zombie (D:6)
  Robin (D:2)
  7 gnolls
  6 adders
  A shadow imp (D:7)
  A white imp (D:8)
  2 ufetubi (D:6)
  An adder skeleton (D:4)
  2 worms
  2 dart slugs
  12 orcs
  8 ball pythons
  3 endoplasms
  2 giant cockroaches
  15 goblins
  7 hobgoblins
  4 jackals
  3 quokkas (D:1)
  4 bats
  7 frilled lizards
  8 kobolds
  A quokka skeleton (D:4)
  9 rats
153 creatures vanquished.

Notes
Turn   | Place    | Note
-------+----------+-------------------------------------------
     0 | D:1      | mordus the Formicid Fighter began the quest for the Orb.
     0 | D:1      | Reached XP level 1. HP: 18/18 MP: 1/1
   270 | D:1      | Reached XP level 2. HP: 22/24 MP: 2/2
  1145 | D:2      | Reached XP level 3. HP: 29/29 MP: 3/3
  1308 | D:2      | Noticed Jessica
  1315 | D:2      | Killed Jessica
  1316 | D:2      | Reached skill level 3 in Maces & Flails
  1316 | D:2      | Reached XP level 4. HP: 6/35 MP: 4/4
  1750 | D:2      | Noticed Robin
  1779 | D:2      | Killed Robin
  2165 | D:2      | Reached XP level 5. HP: 36/41 MP: 5/5
  2850 | D:3      | Reached skill level 4 in Maces & Flails
  3810 | D:4      | Reached XP level 6. HP: 46/47 MP: 6/6
  3888 | D:4      | Reached skill level 5 in Shields
  4545 | D:5      | Entered Level 5 of the Dungeon
  4549 | D:5      | Noticed Sigmund
  4574 | D:4      | Killed Sigmund
  4575 | D:4      | Reached skill level 5 in Maces & Flails
  4575 | D:4      | Reached XP level 7. HP: 30/52 MP: 7/7
  4794 | D:5      | Reached skill level 5 in Armour
  5281 | D:5      | Reached skill level 6 in Maces & Flails
  5281 | D:5      | Reached XP level 8. HP: 38/58 MP: 8/8
  6012 | D:5      | Found a staircase to the Ecumenical Temple.
  6333 | Temple   | Entered the Ecumenical Temple
  6498 | Temple   | Became a worshipper of the Shining One
  6861 | D:6      | Reached skill level 7 in Maces & Flails
  7500 | D:6      | Found a shadowy altar of Dithmenos.
  7515 | D:6      | Reached * piety under the Shining One
  7642 | D:7      | Reached XP level 9. HP: 64/64 MP: 9/9
  7700 | D:7      | Reached skill level 8 in Maces & Flails
  7785 | D:7      | Found a flagged portal.
  8227 | D:7      | Noticed Prince Ribbit
  8244 | D:7      | Killed Prince Ribbit
  8459 | D:7      | Found a large runed translucent door.
  8459 | D:7      | Found a large runed translucent door.
  8473 | D:7      | Noticed a troll
  8497 | D:7      | Killed a troll
  8790 | D:7      | Found a large runed translucent door.
  8790 | D:7      | Found a large runed translucent door.
  8818 | D:7      | Reached skill level 9 in Maces & Flails
  8824 | D:7      | HP: 2/64 [orc warrior (12)]
  9365 | D:7      | Reached XP level 10. HP: 70/70 MP: 10/10
  9510 | D:7      | Reached ** piety under the Shining One
  9971 | D:8      | Reached skill level 10 in Maces & Flails
 10009 | D:8      | HP: 1/69 [killer bee (7)]
 10018 | D:7      | Slain by a killer bee

Illustrated notes

Levels and vault maps discovered:
D:1:      psy_arrival_dodecagon, layout_basic
D:2:      layout_loops_ring, chequers_jeans, uniq_jessica, uniq_robin
D:3:      layout_basic
D:4:      layout_basic
D:5:      layout_basic, minmay_temple_entry_butterflies,
          minmay_fractal_squares_gapless_5, uniq_sigmund
D:6:      layout_loops_ring, mainiacjoe_overflow_small_starburst
D:7:      layout_loops_ring, enter_bailey_3, minmay_hollow_rounded_squares,
          uniq_prince_ribbit1
D:8:      layout_basic, mainiacjoe_overflow_swirl, enter_ossuary_4,
          serial_glass, glass_columns_b, glass_columns_a,
          kennysheep_generic_room_12
Temple:   regret_index_temple_waves

Skill      XL: |  1  2  3  4  5  6  7  8  9 10 |
---------------+-------------------------------+-----
Shields        | 4 5 6 7 8 9 |  9.2
Maces & Flails | 3 4 5 6 7 9 10 | 10.2
Armour         | 4 5 6 7 8 |  8.3
Fighting       | |  3.2

Action                   |  1- 3 |  4- 6 |  7- 9 | 10-12 || total
-------------------------+-------+-------+-------+-------++-------
Melee: Flail             |   101 |   239 |   315 |    60 ||   715
Invok: Divine Shield     |       |       |       |     1 ||     1
 Abil: Dig               |       |     2 |     1 |     3 ||     6
  Use: Scroll            |       |       |       |     7 ||     7
       Potion            |       |       |       |     2 ||     2
Armor: Chain mail        |    51 |   123 |    24 |       ||   198
       Shadow dragon sca |       |       |   145 |    62 ||   207
Dodge: Dodged            |    33 |    70 |   137 |    37 ||   277
Block: Buckler           |    24 |    67 |    81 |    27 ||   199

Table legend: (Time is in decaauts)
 A = Elapsed time spent in this place.
 B = Non-inter-level travel time spent in this place.
 C = Inter-level travel time spent in this place.
 D = Time resting spent in this place.
 E = Time spent auto-exploring this place.
 F = Levels seen in this place.
 G = Mean time per level.
                   A        B        C        D        E       F      G
               +--------+--------+--------+--------+--------+-----+--------+
         Total |  10105 |   9783 |    322 |   1897 |   6026 |   9 | 1122.8 |
       Dungeon |   9894 |   9572 |    322 |   1897 |   5902 |   8 | 1236.8 |
        Temple |    210 |    210 |      0 |      0 |    124 |   1 |  210.0 |
               +--------+--------+--------+--------+--------+-----+--------+

Top non-repeatable levels by time:
     D:5: 1677 daAuts
     D:6: 1602 daAuts
     D:7: 1585 daAuts
     D:4: 1443 daAuts
     D:2: 1295 daAuts
     D:1: 1158 daAuts
     D:3: 864 daAuts
     D:8: 267 daAuts
  Temple: 210 daAuts
